 Dungeon Crawl Stone Soup version 0.21-a0-450-gd87a9b27c2 (webtiles) character file.

77 Cecky the Changer (level 4, 0/32 HPs)
             Began as a Demonspawn Transmuter on Nov 20, 2017.
             Slain by Grinder (6 damage)
             ... on level 3 of the Dungeon.
             The game lasted 00:12:32 (3271 turns).

Cecky the Changer (Demonspawn Transmuter)           Turns: 3271, Time: 00:12:33

Health: 0/32       AC:  2    Str: 10    XL:     4   Next: 14%
Magic:  4/7        EV: 19    Int: 15    God:
Gold:   140        SH:  0    Dex: 19    Spells: 3/7 levels left

rFire    . . .     SeeInvis .     - Unarmed
rCold    . . .     Gourm    .   (shield currently unavailable)
rNeg     . . .     Faith    .   (armour currently unavailable)
rPois    x         Spirit   .   (helmet currently unavailable)
rElec    .         Reflect  .   (cloak currently unavailable)
rCorr    .         Harm     .   (gloves currently unavailable)
MR       .....                  (boots currently unavailable)
Stlth    ++........             (no amulet)
HPRegen  0.10/turn              (no ring)
MPRegen  0.10/turn              (no ring)

@: spider-form (expiring)
A: powered by death 1
a: End Transformation


You were on level 3 of the Dungeon.
You were not hungry.
You were a venomous arachnid creature.
You visited 1 branch of the dungeon, and saw 3 of its levels.

You collected 140 gold pieces.

Inventory:

Missiles
 a - 55 arrows
Armour
 b - a +0 robe (melded)
 q - a +1 pair of boots (melded)
Scrolls
 h - 3 scrolls of amnesia
 l - a scroll of teleportation {unknown}
 m - a scroll of noise {unknown}
 n - a scroll of fear {unknown}
 p - a scroll of immolation {unknown}
 t - a scroll of enchant armour {unknown}
Potions
 e - a potion of ambrosia {unknown}
 f - a potion of agility {unknown}
 g - a potion of heal wounds {unknown}
 i - a potion of cancellation {unknown}
 k - 2 potions of curing {unknown}
 o - a potion of flight {unknown}
 r - a potion of magic {unknown}
Books
 c - a book of Changes

   Spells                             Type                      Level
   a - Beastly Appendage              Transmutation                1
   b - Sticks to Snakes               Transmutation                2
   c - Spider Form                    Transmutation/Poison         3
   d - Ice Form                       Ice/Transmutation            4
   e - Blade Hands                    Transmutation                5
Comestibles
 d - 2 bread rations
 j - a fruit
 s - a chunk of flesh


   Skills:
 + Level 1.0 Fighting
 - Level 1.7 Dodging
 + Level 3.4 Unarmed Combat
 - Level 2.0 Spellcasting
 * Level 3.4 Transmutations


You had 3 spell levels left.
You knew the following spells:

 Your Spells              Type           Power        Failure   Level  Hunger
a - Beastly Appendage     Tmut           ##....       16%         1    #......
b - Spider Form           Tmut/Pois      #.........   54%         3    ###....


Dungeon Overview and Level Annotations

Branches:
Dungeon (3/15)

Altars:
Ru
Vehumet
The Shining One

Annotations:
D:3 Grinder


Innate Abilities, Weirdness & Mutations

((You have sharp fingernails.))
((You are partially covered in slimy green scales. (AC +2)))
You regenerate a little health from kills.


Message History

Unknown command.
You hit Grinder but do no damage.
Grinder is lightly wounded.
You hit Grinder.
Grinder is lightly wounded.
Grinder gestures at you. Pain shoots through your body!
Unknown command.
You barely miss Grinder.
Grinder is lightly wounded.
Grinder barely misses you.
You hit Grinder.
Grinder is poisoned.
Grinder is lightly wounded.
Your transformation is almost over.
Grinder hits you!
You writhe in agony.
* * * LOW HITPOINT WARNING * * *
You barely miss Grinder.
Grinder is moderately wounded.
Grinder hits you.
You die...

##..#####.##
##. #..# .#
##.## .#
#..# .# ##.#
#
#.########.#
#.....#....#
#####5#.##
#.s..#
##...# #...#
########.>.#
...........#
########...#
#...# ##...#
# ####....#


You could see Grinder.

Vanquished Creatures
  2 adders (D:2)
  A leopard gecko (D:2)
  A ball python (D:2)
  2 bats (D:2)
  3 giant cockroaches (D:1)
  8 hobgoblins
  10 jackals
  7 kobolds
  A quokka (D:2)
  5 frilled lizards
  7 goblins
  3 rats (D:2)
50 creatures vanquished.

Notes
Turn   | Place    | Note
-------+----------+-------------------------------------------
     0 | D:1      | Cecky the Demonspawn Transmuter began the quest for the Orb.
     0 | D:1      | Reached XP level 1. HP: 15/15 MP: 3/3
   457 | D:1      | Gained mutation: You have sharp fingernails. [demonic ancestry]
   457 | D:1      | Reached XP level 2. HP: 21/21 MP: 3/5
  1474 | D:2      | Found a glowing golden altar of the Shining One.
  1533 | D:2      | Gained mutation: You regenerate a little health from kills. [demonic ancestry]
  1533 | D:2      | Reached XP level 3. HP: 22/26 MP: 6/6
  1553 | D:2      | Learned a level 3 spell: Spider Form
  2660 | D:2      | Gained mutation: You are partially covered in slimy green scales. (AC +2) [demonic ancestry]
  2660 | D:2      | Reached XP level 4. HP: 32/32 MP: 5/7
  2825 | D:2      | Found a sacrificial altar of Ru.
  2974 | D:2      | Found a radiant altar of Vehumet.
  3242 | D:3      | Noticed Grinder
  3264 | D:3      | Paralysed by Grinder for 3 turns
  3271 | D:3      | Slain by Grinder

Vault maps used:
D:1:      lightli_arrival_chessboard
D:2:      cheibrodos_helix_gallery, lemuel_doored_altar,
          nicolae_tso_swordbearing_angel, first_bread,
          nicolae_ru_sacrificial_ziggurat
D:3:      elyvilon_altar_1, tgw_sif, hex_large, uniq_grinder

Skill      XL: |  1  2  3 |
---------------+----------+-----
Unarmed Combat | 3 |  3.4
Transmutations | 2 3 |  3.4
Fighting       | |  1.0
Dodging        | |  1.7
Spellcasting   | |  2.0

Action                   |  1- 3 |  4- 6 || total
-------------------------+-------+-------++-------
Melee: Unarmed           |   144 |    30 ||   174
       Headbutt          |     8 |     1 ||     9
       Kick              |     6 |       ||     6
       Punch             |     3 |       ||     3
 Cast: Beastly Appendage |    21 |     3 ||    24
       Spider Form       |       |     1 ||     1
  Use: Scroll            |       |     2 ||     2
 Stab: Sleeping          |     1 |     1 ||     2
  Eat: Chunk             |     6 |     2 ||     8
Armor: Robe              |    25 |    20 ||    45
Dodge: Dodged            |    78 |    33 ||   111

Table legend:
 A = Spawn XP
 B = Non-spawn XP
 C = Spawn XP percentage of total XP
 D = Spawn monster count
 E = Non-spawn monster count
 F = Spawn count percentage of total count
 G = Total turns spent on level
                    A         B        C        D         E        F      G
               +---------+---------+-------+---------+---------+-------+---------
         Total |       0 |     111 |   0.0 |       0 |      50 |   0.0 |  3271
               +---------+---------+-------+---------+---------+-------+---------
           D:1 |       0 |      31 |   0.0 |       0 |      17 |   0.0 |  1340
           D:2 |       0 |      73 |   0.0 |       0 |      29 |   0.0 |  1819
           D:3 |       0 |       7 |   0.0 |       0 |       4 |   0.0 |   112
               +---------+---------+-------+---------+---------+-------+---------
